Map: 파라 사이트 - 래더

Players

Nerchio

  • Race: Zerg Zerg
  • League: Master
  • Spawn Location: 11:00

llllllllllll (GuMiho) - Winner!

  • Race: Terran Terran
  • Spawn Location: 5:00

Event: IEM Season 13 - Katowice Server Qualifiers Europe

VOD

Have the link to the VOD?

Description

Time

  • Played on: Jan. 8, 2019, 10:45 a.m.
  • Length: 14:32

All games in this series

Show
View Real Time Build Order
Export as new Build Order

Nerchio Zerg 

Build Orders: Hatch First, Brood Lord Corruptor 

Get SALT Encoding   

  12  0:00  Drone  
  13  0:12  Overlord  
  13  0:17  Drone  
  14  0:30  Drone x2  
  16  0:48  Hatchery  
  15  0:51  Drone  
  15  0:54  Drone  
  17  0:58  Drone  
  18  1:09  Extractor  
  17  1:14  Spawning Pool  
  17  1:17  Drone  
  17  1:20  Drone  
  18  1:28  Drone  
  19  1:38  Overlord  
  19  1:49  Drone  
  20  2:01  Queen x2, Zergling x2  
  20  2:02  Zergling x2  
  26  2:09  Metabolic Boost  
  26  2:11  Drone  
  26  2:13  Drone  
  28  2:21  Drone x2  
  30  2:37  Hatchery  
  30  2:39  Drone  
  30  2:41  Drone  
  31  2:46  Overlord  
  31  2:54  Queen  
  31  2:55  Drone  
  31  2:58  Drone  
  35  3:00  Drone  
  36  3:08  Drone x2  
  36  3:09  Drone  
  36  3:11  Drone x2  
  41  3:15  Overlord  
  41  3:21  Queen  
  41  3:24  Drone  
  44  3:29  Overlord  
  44  3:33  Drone x3  
  47  3:34  Drone  
  48  3:43  Drone x3  
  48  3:45  Baneling Nest, Drone  
  51  3:50  Queen  
  51  3:52  Drone  
  51  3:54  Drone  
  55  3:57  Drone x2  
  55  4:01  Queen  
  59  4:04  Overlord  
  59  4:09  Lair  
  59  4:14  Drone  
  59  4:15  Drone x3  
  63  4:20  Spore Crawler  
  63  4:21  Spore Crawler  
  63  4:22  Spore Crawler  
  63  4:23  Drone  
  63  4:24  Drone  
  62  4:25  Drone  
  62  4:26  Drone  
  62  4:29  Drone x2  
  62  4:31  Drone  
  67  4:33  Overlord  
  67  4:35  Overlord  
  67  4:38  Overlord  
  67  4:42  Extractor  
  65  4:45  Evolution Chamber  
  65  4:46  Overlord x2  
  64  4:55  Extractor, Drone x7  
  64  4:56  Extractor  
  69  5:03  Zergling x6  
  72  5:09  Zergling x12  
  72  5:10  Hydralisk Den  
  72  5:11  Zergling x2  
  78  5:16  Drone x5  
  82  5:22  Overseer  
  82  5:23  Extractor  
  82  5:24  Drone x2  
  82  5:25  Zerg Missile Weapons Level 1  
  82  5:26  Extractor  
  82  5:28  Overlord  
  82  5:34  Drone  
  82  5:35  Drone  
  84  5:36  Centrifical Hooks  
  84  5:45  Zergling x10  
  84  5:47  Baneling x5  
  89  5:54  Zergling x14  
  80  6:11  Drone  
  80  6:12  Drone x5  
  80  6:17  Drone  
  81  6:21  Hatchery, Drone x2  
  82  6:29  Grooved Spines  
  82  6:34  Drone x3  
  82  6:37  Baneling x4  
  85  6:40  Zergling x2  
  85  6:45  Zergling x2  
  85  6:46  Queen x3, Zergling x2  
  89  6:50  Zergling x2  
  86  6:56  Zergling x10  
  86  6:58  Drone  
  86  6:59  Drone  
  92  7:03  Spore Crawler  
  92  7:06  Drone x3  
  92  7:07  Infestation Pit  
  93  7:11  Hydralisk  
  93  7:12  Hydralisk  
  97  7:18  Hydralisk x3  
  103  7:25  Drone x2  
  103  7:28  Hydralisk x3  
  111  7:30  Overseer  
  111  7:35  Overlord  
  111  7:36  Overlord x2  
  111  7:40  Baneling x2  
  111  7:41  Muscular Augments, Hydralisk x2  
  115  7:46  Drone x4  
  115  7:47  Drone  
  120  7:55  Drone x4  
  121  8:00  Hydralisk  
  121  8:01  Hydralisk x4  
  121  8:03  Drone x2  
  129  8:08  Hive  
  129  8:17  Hydralisk x4  
  137  8:20  Zerg Missile Weapons Level 2  
  137  8:22  Overlord  
  137  8:25  Overlord  
  137  8:28  Zergling x8  
  137  8:30  Baneling x3  
  137  8:33  Overseer x2  
  141  8:42  Zergling x6  
  141  8:43  Zergling x6  
  141  8:47  Zergling x4  
  141  8:48  Zergling x10  
  152  8:52  Infestor  
  152  8:56  Spire  
  152  8:57  Overlord x5  
  152  9:00  Pneumatized Carapace  
  151  9:03  Baneling x3  
  151  9:11  Evolution Chamber  
  151  9:14  Zergling x4  
  151  9:24  Zergling x18  
  157  9:32  Zergling x8  
  149  9:47  Drone x2  
  149  9:48  Drone x2  
  146  9:54  Hatchery  
  145  10:04  Hatchery  
  135  10:08  Drone x4  
  135  10:10  Extractor, Greater Spire  
  135  10:11  Extractor  
  134  10:17  Spine Crawler  
  134  10:18  Spine Crawler x2  
  130  10:25  Baneling x12  
  130  10:27  Drone x4  
  134  10:29  Zerg Melee Weapons Level 1  
  134  10:38  Hydralisk x4  
  134  10:42  Corruptor x5  
  152  10:53  Drone  
  150  10:59  Drone x2  
  150  11:00  Drone  
  153  11:11  Overseer  
  153  11:19  Overlord  
  153  11:22  Zergling x18  
  161  11:25  Brood Lord  
  161  11:26  Brood Lord x4  
  161  11:30  Zerg Missile Weapons Level 3  
  171  11:36  Extractor  
  170  11:41  Zergling x18  
  170  11:43  Spore Crawler  
  170  11:44  Baneling x12  
  177  11:52  Corruptor x3  
  185  12:02  Corruptor  
  185  12:03  Corruptor  
  187  12:09  Corruptor  
  168  12:24  Corruptor  
  158  12:34  Drone x6  
  158  12:36  Corruptor x4  
  158  12:37  Corruptor x3  
  150  12:46  Hatchery  
  150  12:47  Brood Lord  
  151  12:55  Overlord x7  
  151  13:09  Overseer  
  151  13:16  Brood Lord x4  
  151  13:18  Hydralisk x2  
  163  13:31  Zergling x2  
  163  13:32  Zergling x24  
  174  13:44  Corruptor  
  174  13:45  Corruptor x2  
  178  13:54  Corruptor x3  
Show
View Real Time Build Order
Export as new Build Order

llllllllllll Terran - Winner!

Build Orders: Reaper Expand, Hellion Banshee 

Get SALT Encoding   

  12  0:00  SCV  
  13  0:13  SCV  
  14  0:17  Supply Depot  
  14  0:25  SCV  
  15  0:38  SCV  
  15  0:41  Barracks  
  16  0:44  Refinery  
  16  0:50  SCV  
  17  1:02  SCV  
  18  1:15  SCV  
  19  1:28  Reaper  
  19  1:30  Orbital Command  
  20  1:39  Command Center  
  20  1:46  Supply Depot  
  20  1:56  SCV  
  20  2:00  Marine  
  22  2:08  SCV  
  23  2:09  Factory  
  23  2:20  SCV  
  25  2:28  Barracks Reactor  
  24  2:33  SCV  
  25  2:38  Command Center  
  25  2:45  SCV  
  25  2:46  Refinery  
  26  2:51  Orbital Command  
  26  2:57  SCV  
  27  3:03  Starport  
  27  3:09  SCV, Hellion  
  32  3:13  Hellion  
  32  3:17  SCV  
  32  3:18  Barracks Tech Lab  
  33  3:21  SCV  
  34  3:29  SCV  
  34  3:33  SCV, Hellion  
  40  3:34  Hellion  
  40  3:41  SCV  
  40  3:45  SCV  
  40  3:46  Cloaking Field, Viking  
  44  3:49  Barracks Tech Lab  
  44  3:53  Orbital Command  
  44  3:55  SCV  
  45  3:59  SCV  
  46  4:03  Hellion  
  46  4:04  Hellion  
  46  4:09  SCV  
  51  4:11  SCV  
  51  4:14  Supply Depot  
  51  4:16  Banshee  
  55  4:19  SCV  
  55  4:23  Armory  
  56  4:25  SCV x2  
  56  4:28  Hellion  
  56  4:29  Orbital Command  
  60  4:35  Refinery  
  60  4:36  Refinery, Hellion  
  62  4:39  SCV, Supply Depot  
  62  4:41  SCV  
  62  4:43  Supply Depot  
  64  4:51  SCV, Hellion  
  67  4:53  SCV  
  67  4:55  Barracks Tech Lab  
  68  5:00  Banshee  
  68  5:01  Hellion  
  68  5:03  SCV  
  68  5:04  SCV, Supply Depot  
  75  5:12  Hellion  
  75  5:13  Supply Depot  
  77  5:14  SCV  
  77  5:15  SCV  
  77  5:16  SCV  
  80  5:22  Hellion  
  80  5:27  Factory  
  83  5:28  SCV x2  
  83  5:29  Factory, SCV  
  83  5:32  Barracks Reactor, Terran Vehicle And Ship Armor Level 1  
  83  5:33  Hellion  
  87  5:38  Hellion x3  
  87  5:44  Hellion  
  89  5:55  SCV x2, Hellion  
  90  6:02  SCV  
  87  6:07  SCV, Banshee  
  87  6:09  SCV  
  90  6:11  Refinery  
  90  6:12  Refinery  
  90  6:14  SCV  
  85  6:20  SCV  
  85  6:21  Cyclone x2  
  85  6:24  SCV  
  91  6:26  SCV  
  91  6:31  Factory x2  
  91  6:32  SCV, Engineering Bay  
  93  6:35  Barracks Tech Lab  
  93  6:36  SCV, Supply Depot  
  93  6:37  Supply Depot  
  93  6:38  SCV  
  93  6:39  Supply Depot  
  92  6:44  SCV  
  92  6:45  Hellion x2  
  97  6:48  SCV  
  97  6:50  SCV  
  99  6:56  SCV  
  99  6:57  Cyclone x2  
  99  6:58  Banshee  
  107  7:02  SCV x2  
  107  7:04  Supply Depot x3  
  107  7:08  SCV, Hellion x2  
  114  7:19  Command Center  
  114  7:22  Hellion x2  
  120  7:23  Hellion  
  120  7:25  Infernal Pre-Igniter  
  120  7:26  Mag-Field Accelerator  
  118  7:37  Cyclone x2  
  124  7:46  Hellion x2  
  124  7:50  Hellion x2  
  132  7:56  Banshee  
  134  8:04  SCV x3  
  134  8:05  Terran Vehicle Weapons Level 1  
  131  8:07  Armory  
  131  8:08  Hellion x2  
  131  8:09  Hellion  
  131  8:10  Cyclone x2  
  140  8:17  SCV x3  
  143  8:22  Supply Depot  
  143  8:25  Supply Depot x2  
  143  8:31  Cyclone  
  140  8:42  Hellion, Cyclone x2  
  140  8:43  Hellion x3  
  152  8:58  Banshee  
  152  8:59  Planetary Fortress  
  155  9:03  Cyclone  
  155  9:05  Terran Vehicle And Ship Armor Level 2  
  155  9:08  Hellion x3  
  155  9:09  Hellion  
  166  9:16  Supply Depot  
  166  9:20  Fusion Core, Supply Depot  
  166  9:21  Refinery x2, Starport x2  
  166  9:22  SCV x3  
  169  9:30  Cyclone x2  
  175  9:33  Hellion x2  
  167  9:45  Cyclone  
  167  9:46  Hellion  
  167  9:47  Banshee, Hellion  
  150  9:54  Hellion  
  150  9:57  Hellion  
  154  10:02  Cyclone x2  
  156  10:10  Hellion x2  
  150  10:14  Advanced Ballistics  
  150  10:15  Liberator  
  150  10:16  Starport Reactor x2  
  150  10:18  Cyclone  
  150  10:20  Hellion x2  
  151  10:31  Hellion x2  
  151  10:34  Cyclone x2  
  164  10:37  Liberator x3  
  164  10:38  Liberator  
  164  10:45  Command Center, Hellion  
  164  10:46  Hellion  
  168  10:50  Hellion  
  176  11:00  Liberator  
  176  11:06  Cyclone x2  
  176  11:08  Factory  
  176  11:09  Factory  
  176  11:11  Factory  
  182  11:15  Cyclone  
  182  11:16  Hellion x2  
  182  11:17  Hellion x2  
  188  11:38  Hellion x4, Cyclone  
  196  11:48  Hellion  
  198  11:58  Command Center  
  198  12:00  Command Center  
  198  12:01  Terran Vehicle Weapons Level 2  
  198  12:02  Command Center  
  198  12:03  Command Center  
  198  12:05  Sensor Tower  
  198  12:11  Factory Tech Lab  
  198  12:12  Factory Tech Lab x2  
  198  12:19  Viking  
  198  12:20  Viking, Refinery  
  200  12:23  Refinery  
  200  12:25  Viking x2  
  200  12:27  Viking  
  174  12:39  Cyclone  
  174  12:43  Cyclone  
  171  12:45  Cyclone  
  171  12:49  Viking  
  171  12:50  Viking  
  178  12:54  Planetary Fortress  
  178  12:55  Viking x2  
  178  12:56  SCV  
  178  12:57  Viking, SCV x2  
  187  13:06  Cyclone x2  
  187  13:07  Factory  
  187  13:09  SCV  
  187  13:11  Orbital Command  
  187  13:12  Orbital Command  
  194  13:13  Sensor Tower  
  194  13:14  Orbital Command  
  194  13:20  Viking x2  
  198  13:30  Missile Turret  
  198  13:53  Cyclone x2  
  198  13:54  Cyclone  
  198  13:55  Cyclone  
  193  13:56  Hellion x3  
  197  14:08  Hellion  

Tags
 
Add a new tag
Caveats
  • Supply blocks, unpowered buildings, or Contaminate may cause inaccurate times.
  • Supply counts are checked every 10 seconds.